 Dungeon Crawl Stone Soup version 0.24.0-1-gfbc8707 (webtiles) character file.

Game seed: 350084547058081449, levelgen mode: deterministic

7912 Buxparty the Quickloader (level 11, 0/100 HPs)
             Began as a Deep Dwarf Hunter on Dec 27, 2019.
             Was an Elder of Makhleb.
             Slain by an unseen horror (2 damage)
             ... on level 10 of the Dungeon.
             The game lasted 00:48:59 (7922 turns).

Buxparty the Quickloader (Deep Dwarf Hunter)        Turns: 7922, Time: 00:49:00

Health: 0/100      AC: 15    Str: 16    XL:     11   Next: 3%
Magic:  0/0        EV: 14    Int: 12    God:    Makhleb [****..]
Gold:   284        SH:  0    Dex: 16    Spells: 10/10 levels left

rFire    + . .     SeeInvis .   b - +2 short sword (speed)
rCold    . . .     Gourm    .   (no shield)
rNeg     . . .     Faith    .   u - +5 scale mail "Udeumig" {+Fly rF+}
rPois    .         Spirit   .   g - +0 helmet
rElec    .         Reflect  .   (no cloak)
rCorr    .         Harm     .   (no gloves)
MR       +....                  e - +0 pair of boots
Stlth    +.........             (no amulet)
HPRegen  0.00/turn              (no ring)
MPRegen  0.07/turn              (no ring)

@: non-regenerating
A: damage resistance, heal wounds, sense surroundings 2, no regeneration
a: Heal Wounds, Minor Destruction, Lesser Servant of Makhleb, Major Destruction,
Renounce Religion, Evoke Flight


You were on level 10 of the Dungeon.
You worshipped Makhleb.
Makhleb was greatly pleased with you.
You were not hungry.

You visited 2 branches of the dungeon, and saw 11 of its levels.

You collected 424 gold pieces.
You spent 140 gold pieces at shops.

Inventory:

Hand Weapons
 a - a +1 hand crossbow
 b - a +2 short sword of speed (weapon)
 x - the +4 dagger "Morg" {pain, MR+ Int+5}
   (You found it on level 8 of the Dungeon)

   In the hands of one skilled in necromantic magic, it inflicts extra damage on
   living creatures.
   It affects your intelligence (+5).
   It affects your resistance to hostile enchantments.
Missiles
 d - 14 bolts
Armour
 e - a +0 pair of boots (worn)
 g - a +0 helmet (worn)
 l - a +1 pair of boots
 t - a +1 leather armour of poison resistance
 u - the +5 scale mail "Udeumig" (worn) {+Fly rF+}
   (You found it on level 8 of the Dungeon)

   It protects you from fire.
   It lets you fly.
Wands
 n - a wand of flame (21)
Scrolls
 c - a scroll of fog {unknown}
 h - 6 scrolls of identify
 i - a scroll of magic mapping {unknown}
 j - 3 scrolls of teleportation
 p - 6 scrolls of remove curse
 q - 2 scrolls of amnesia {unknown}
 v - a scroll of enchant armour
Potions
 o - a potion of degeneration {unknown}
 s - 2 potions of might
 w - a potion of lignification {unknown}
Comestibles
 f - 15 rations


   Skills:
 + Level 7.1 Fighting
 + Level 8.5 Short Blades
 + Level 9.1 Crossbows
 + Level 7.0 Armour
 + Level 7.4 Dodging
 + Level 4.2 Stealth


You had 10 spell levels left.
You didn't know any spells.
Your spell library contained the following spells:

 Spells                   Type           Power        Failure   Level  Hunger
 Corona                   Hex            #......      71%         1    ##.....
 Slow                     Hex            #.......     83%         2    ###....
 Inner Flame              Hex/Fire       #.......     97%         3    ####...
 Portal Projectile        Hex/Tloc       #.....       97%         3    ####...
 Cause Fear               Hex            #.........   100%        4    #####..
 Leda's Liquefaction      Hex/Erth       #.........   100%        4    #####..


Dungeon Overview and Level Annotations

Branches:
Dungeon (10/15)            Temple (1/1) D:5            Lair (0/6) D:8
    Orc: D:9-12

Altars:
Ashenzari
Cheibriados
Dithmenos
Fedhas
Gozag
Kikubaaqudgha
Makhleb
Ru
Sif Muna
Trog
Vehumet
Wu Jian
Zin
The Shining One

Shops:
D:6 *   D:7 !

Annotations:
D:4 Dowan, Eustachio


Innate Abilities, Weirdness & Mutations

You are resistant to damage.
You can heal yourself by infusing magical energy.
You passively map the area around you.
You do not regenerate.


Message History

Something hits you. Something hits you but does no damage.
You see here 14 bolts.
Something hits you but does no damage. Something hits you.
You hit something. Something hits you but does no damage.
You closely miss something. Something hits you but does no damage.
Something hits you but does no damage. Something hits you.
* * * LOW HITPOINT WARNING * * *
Something hits you!
* * * LOW HITPOINT WARNING * * *
Something hits you but does no damage.
There is an open door here.
Something hits you but does no damage. Something hits you.
* * * LOW HITPOINT WARNING * * *
There is an open door here.
Something hits you.
You die...

............#,, ,,,,
............#. , .......# #####*
...........##. ,, #......# ....#<
..##.......##'#####......# ....#,
..##.......##....##......# ....#*
..#..............##......##....##
..#(.............#.......#.......
..#..............#.......#.......
..#........##...@##..(...'.......
..#()..(...#####'##..))..##...###
)(().......#.....'...).†.#*...#
.(#........#.....##......# ...#
..###########....##......# ...#
..##.......##....#............#
..#..............#............#,,
..#..............#............#,
..#..............#............


There were no monsters in sight!

Vanquished Creatures
  An unseen horror (D:9)
  Pikel (D:7)
  Joseph (D:10)
  A queen bee (D:9)
  2 trolls
  2 hippogriffs
  Sigmund (D:5)
  A water moccasin (D:8)
  Duvessa (D:5)
  2 orc warriors
  2 ice beasts
  5 sky beasts
  2 slaves
  2 phantoms
  3 ogres
  10 centaurs
  2 big kobolds (D:9)
  5 bullfrogs
  2 scorpions
  17 killer bees
  2 howler monkeys
  7 crimson imps
  2 bullfrog zombies (D:6)
  5 hounds
  Crazy Yiuf (D:2)
  12 orc priests
  8 orc wizards
  A centaur skeleton (D:8)
  Jessica (D:2)
  Natasha (thrice) (D:2)
  Terence (D:3)
  4 iguanas
  4 worker ants
  Robin (D:2)
  2 worker ant zombies
  14 gnolls
  9 adders
  3 shadow imps
  3 adder skeletons
  A worm (D:4)
  6 leopard geckos
  31 orcs
  9 giant cockroaches
  12 goblins
  9 hobgoblins
  10 jackals
  13 kobolds
  3 quokkas
  5 ball pythons
  5 bats
  2 frilled lizards
  2 leopard gecko skeletons
  9 rats
  2 toadstools (D:1)
265 creatures vanquished.

Vanquished Creatures (others)
  A slave (D:7)
  A quokka (D:7)
  2 toadstools (D:1)
4 creatures vanquished.

Grand Total: 269 creatures vanquished

Notes
Turn   | Place    | Note
-------+----------+-------------------------------------------
     0 | D:1      | Buxparty the Deep Dwarf Hunter began the quest for the Orb.
     0 | D:1      | Reached XP level 1. HP: 19/19 MP: 1/1
   147 | D:1      | Reached skill level 1 in Armour
   176 | D:1      | Reached XP level 2. HP: 26/26 MP: 2/2
   230 | D:1      | Found a shattered altar of Ashenzari.
   830 | D:2      | Reached XP level 3. HP: 28/32 MP: 3/3
   833 | D:2      | Reached skill level 5 in Crossbows
   838 | D:2      | Noticed Jessica
   854 | D:2      | Killed Jessica
   913 | D:2      | Noticed Natasha
   916 | D:2      | Killed Natasha
   916 | D:2      | Reached skill level 1 in Short Blades
   916 | D:2      | Reached XP level 4. HP: 30/39 MP: 4/4
   944 | D:2      | Noticed Robin
   982 | D:2      | Killed Robin
  1237 | D:2      | Noticed Natasha
  1265 | D:2      | Killed Natasha
  1265 | D:2      | Reached XP level 5. HP: 30/45 MP: 4/4
  1464 | D:2      | Noticed Natasha
  1467 | D:2      | Killed Natasha
  1528 | D:2      | Found a runed translucent door.
  1529 | D:2      | Noticed Crazy Yiuf
  1550 | D:2      | Killed Crazy Yiuf
  1665 | D:3      | Noticed Terence
  1669 | D:3      | Killed Terence
  1973 | D:3      | Reached XP level 6. HP: 45/55 MP: 4/4
  2377 | D:4      | Reached XP level 7. HP: 34/62 MP: 5/5
  3060 | D:5      | Entered Level 5 of the Dungeon
  3071 | D:5      | Noticed Duvessa
  3071 | D:5      | Noticed Eustachio
  3104 | D:5      | Noticed Dowan
  3109 | D:5      | Killed Duvessa
  3115 | D:5      | Reached skill level 5 in Short Blades
  3115 | D:5      | Reached XP level 8. HP: 54/72 MP: 5/5
  3134 | D:4      | HP: 3/72 [Eustachio/+0 rapier (3)]
  3356 | D:5      | Found a staircase to the Ecumenical Temple.
  3365 | Temple   | Entered the Ecumenical Temple
  3477 | Temple   | Became a worshipper of Makhleb the Destroyer
  3540 | D:5      | Reached skill level 6 in Crossbows
  3690 | D:5      | Reached skill level 5 in Dodging
  3749 | D:5      | Reached skill level 7 in Crossbows
  3848 | D:5      | Noticed Sigmund
  3854 | D:5      | Killed Sigmund
  4067 | D:6      | Found Pimeanip's General Store.
  4110 | D:5      | Reached skill level 5 in Fighting
  4110 | D:5      | Gained mutation: You passively map the area around you.
                  | [Deep Dwarf growth]
  4110 | D:5      | Reached XP level 9. HP: 64/81 MP: 2/2
  4121 | D:5      | Reached * piety under Makhleb
  4565 | D:5      | Reached skill level 8 in Crossbows
  4940 | D:7      | Noticed Pikel
  5000 | D:7      | Killed Pikel
  5064 | D:7      | Reached ** piety under Makhleb
  5241 | D:7      | Found Vyjum's Distillery.
  5380 | D:7      | Bought 2 potions of heal wounds for 140 gold pieces
  5835 | D:8      | Got a polished scale mail
  5846 | D:8      | Identified the +5 scale mail "Udeumig" {+Fly rF+} (You
                  | found it on level 8 of the Dungeon)
  6032 | D:8      | Reached XP level 10. HP: 91/91 MP: 3/3
  6311 | D:8      | Found a staircase to the Lair.
  6346 | D:8      | Found the +4 dagger "Morg" {pain, MR+ Int+5}
  6595 | D:8      | Reached *** piety under Makhleb
  6712 | D:9      | Reached skill level 5 in Armour
  6759 | D:9      | Killed an unseen horror
  7006 | D:9      | Found a glowing golden altar of the Shining One.
  7130 | D:9      | Reached skill level 9 in Crossbows
  7496 | D:10     | Entered Level 10 of the Dungeon
  7609 | D:10     | Reached **** piety under Makhleb
  7640 | D:10     | Noticed Joseph
  7678 | D:10     | Killed Joseph
  7678 | D:10     | Reached XP level 11. HP: 45/100 MP: 3/3
  7918 | D:10     | HP: 5/100 [something (6)]
  7921 | D:10     | HP: 2/100 [something (3)]
  7922 | D:10     | Slain by an unseen horror

Levels and vault maps discovered:
D:1:      dpeg_arrival_signposts, layout_loops_ring, minmay_gold_behind_fungi,
          minmay_misc_feat_chi, evilmike_ruin_ashenzari
D:2:      layout_loops_ring, uniq_crazy_yiuf_cottage, uniq_natasha, uniq_robin,
          uniq_jessica
D:3:      kennysheep_big_flooded_room, layout_basic, uniq_terence
D:4:      layout_basic
D:5:      layout_cave_pools, minmay_temple_entry_gardened_gates, first_ration,
          uniq_duvessa, uniq_eustachio, uniq_sigmund
D:6:      layout_rooms, serial_shops, shop
D:7:      layout_basic, serial_shops, shop, uniq_pikel
D:8:      layout_rooms, lair_entry_dummy
D:9:      layout_roguey, tso_metal_star, david_nohive_1
D:10:     layout_gridville, bloody_makhleb, uniq_joseph
Temple:   roderic_octagonal_lattice_temple

Skill      XL: |  1  2  3  4  5  6  7  8  9 10 11 |
---------------+----------------------------------+-----
Armour         | 1 2 3 6 7 |  7.0
Crossbows      | 5 7 8 9 |  9.1
Fighting       | 2 3 5 6 7 |  7.1
Short Blades   | 1 3 5 6 7 8 |  8.5
Dodging        | 3 4 5 6 7 |  7.4
Stealth        | 2 3 4 |  4.2

Action                   |  1- 3 |  4- 6 |  7- 9 | 10-12 || total
-------------------------+-------+-------+-------+-------++-------
Melee: Short sword       |    45 |   205 |   556 |   409 ||  1215
       Dagger            |       |       |       |   263 ||   263
 Fire: Hand crossbow     |    35 |    40 |   176 |    57 ||   308
 Abil: Heal Wounds       |     1 |    11 |    21 |    10 ||    43
  Use: Scroll            |       |       |     6 |     1 ||     7
       Potion            |       |       |     5 |     9 ||    14
 Stab: Sleeping          |     1 |     3 |     3 |     1 ||     8
  Eat: Ration            |       |     2 |     3 |     2 ||     7
       Chunk             |       |       |     1 |       ||     1
Armor: Leather armour    |    17 |    18 |    33 |       ||    68
       Skin              |       |     8 |    80 |       ||    88
       Scale mail        |       |       |    21 |   402 ||   423
Dodge: Dodged            |    51 |   113 |   458 |   394 ||  1016
